Map: Waterfall

Players

PandaBearMe - Winner!

  • Race: Zerg Zerg
  • Spawn Location: 1:00

Raza

  • Race: Terran Terran
  • Spawn Location: 7:00

Event: DreamHack SC2 Masters 2022 Atlanta (Offline)

VOD

Have the link to the VOD?

Description

Time

  • Played on: Nov. 18, 2022, 10:36 a.m.
  • Length: 14:00

All games in this series

Show
View Real Time Build Order
Export as new Build Order

PandaBearMe Zerg - Winner!

Build Orders: Hatch First 

Get SALT Encoding   

  12  0:00  Drone  
  13  0:12  Overlord  
  13  0:17  Drone  
  14  0:30  Drone  
  14  0:31  Drone  
  16  0:48  Hatchery  
  15  0:51  Drone  
  15  0:55  Drone  
  17  0:58  Drone  
  17  1:02  Extractor  
  17  1:14  Spawning Pool  
  17  1:17  Drone  
  17  1:20  Drone  
  18  1:28  Drone  
  19  1:39  Drone  
  20  1:51  Overlord  
  20  2:01  Queen x2  
  20  2:04  Metabolic Boost  
  24  2:09  Zergling x4  
  26  2:15  Drone  
  26  2:16  Drone  
  28  2:23  Spore Crawler  
  28  2:24  Drone x2  
  29  2:40  Hatchery  
  28  2:49  Drone  
  28  2:50  Drone  
  30  2:51  Overlord  
  30  2:55  Zergling x4  
  32  3:00  Queen  
  34  3:06  Overlord  
  34  3:09  Drone  
  34  3:10  Drone  
  36  3:18  Drone  
  36  3:19  Drone x2  
  39  3:21  Overlord  
  39  3:28  Drone x2  
  41  3:35  Drone  
  41  3:36  Drone  
  41  3:39  Queen  
  45  3:47  Drone x2  
  45  3:48  Drone  
  48  3:50  Drone  
  48  3:51  Drone  
  48  3:53  Queen  
  52  3:58  Drone x3  
  55  4:03  Drone  
  56  4:14  Zergling x4  
  56  4:15  Zergling x2  
  60  4:17  Drone  
  60  4:19  Drone x2  
  60  4:20  Lair  
  60  4:22  Drone x2  
  60  4:23  Drone, Extractor  
  60  4:24  Baneling Nest  
  63  4:26  Drone x2  
  63  4:31  Spore Crawler  
  64  4:32  Spore Crawler  
  64  4:33  Baneling Nest  
  64  4:34  Spore Crawler, Queen  
  64  4:44  Overlord  
  64  4:49  Overlord  
  64  4:59  Overlord  
  64  5:00  Drone, Overlord  
  64  5:02  Queen  
  64  5:03  Overlord  
  67  5:07  Zergling x6  
  67  5:08  Zergling x2  
  67  5:14  Drone x2  
  73  5:16  Overlord  
  73  5:17  Queen  
  73  5:20  Baneling  
  73  5:21  Baneling x3  
  75  5:23  Zergling x2  
  75  5:24  Zergling x10  
  80  5:28  Zergling x2  
  75  5:36  Zergling x2  
  75  5:38  Zergling x4  
  75  5:42  Queen  
  75  5:45  Zergling x4  
  75  5:47  Queen  
  75  5:49  Drone x3  
  81  5:50  Spire  
  81  5:51  Drone x3, Extractor x2  
  81  5:52  Extractor  
  79  5:57  Baneling  
  79  6:03  Zergling x10  
  83  6:07  Spore Crawler  
  78  6:16  Zergling x6  
  79  6:25  Zergling x2, Queen x2  
  76  6:26  Drone x3  
  76  6:27  Drone  
  76  6:31  Drone  
  81  6:33  Drone  
  81  6:36  Baneling  
  81  6:37  Baneling x5  
  81  6:38  Drone  
  83  6:41  Hatchery  
  83  6:44  Drone  
  83  6:45  Drone  
  84  6:47  Drone  
  84  6:51  Hatchery  
  80  7:03  Baneling  
  77  7:10  Drone x4  
  77  7:11  Drone x5  
  77  7:13  Zergling x4, Extractor  
  82  7:16  Zergling x2  
  82  7:19  Zergling x2  
  82  7:21  Drone x3  
  86  7:25  Zergling x2  
  87  7:31  Drone x2  
  87  7:32  Drone  
  87  7:35  Evolution Chamber  
  89  7:37  Evolution Chamber  
  88  7:47  Drone x2  
  88  7:51  Zerg Flyer Weapons Level 1, Centrifugal Hooks  
  90  8:05  Zergling x22  
  101  8:12  Zerg Ground Armor Level 1, Zerg Melee Weapons Level 1  
  100  8:13  Burrow  
  100  8:14  Pneumatized Carapace  
  100  8:19  Drone x9  
  107  8:35  Mutalisk  
  107  8:37  Overlord x2  
  107  8:39  Baneling x7  
  107  8:48  Overlord  
  107  8:53  Zergling x8, Spine Crawler  
  107  8:54  Spine Crawler  
  107  8:55  Overlord x2  
  109  8:58  Mutalisk x8  
  124  9:05  Overlord x2  
  124  9:07  Baneling  
  124  9:09  Mutalisk x4  
  132  9:20  Baneling x4  
  132  9:21  Baneling  
  132  9:22  Drone  
  132  9:26  Overlord x3  
  132  9:27  Zergling x14  
  132  9:28  Zergling x8  
  143  9:34  Zergling x2  
  144  9:40  Zergling x16  
  144  9:44  Extractor x2  
  150  9:47  Infestation Pit, Overseer  
  150  9:48  Overseer  
  150  9:49  Hatchery  
  148  9:58  Mutalisk  
  148  9:59  Mutalisk x5  
  142  10:01  Zergling x2  
  142  10:02  Zergling x8  
  138  10:07  Zergling x6  
  133  10:14  Mutalisk x2  
  133  10:19  Zergling x12  
  140  10:27  Mutalisk x2  
  138  10:30  Baneling x2  
  138  10:31  Zergling x14  
  145  10:37  Baneling x5  
  145  10:41  Zergling x22  
  154  10:44  Baneling  
  154  10:45  Baneling x7  
  154  10:53  Zergling x2  
  154  10:54  Zergling x10  
  160  11:01  Baneling x5  
  160  11:02  Zergling x16  
  166  11:04  Hive  
  166  11:11  Zergling x22  
  161  11:19  Zergling x8  
  161  11:20  Zergling x2  
  161  11:22  Overseer  
  166  11:29  Zerg Flyer Weapons Level 2  
  166  11:31  Zerg Melee Weapons Level 2, Zerg Ground Armor Level 2  
  166  11:33  Baneling x7  
  166  11:38  Zergling x6  
  166  11:39  Zergling x18  
  178  11:44  Zergling x10  
  179  12:09  Baneling x11  
  179  12:16  Zergling x2  
  179  12:17  Zergling x32  
  168  12:31  Zergling x2  
  168  12:32  Zergling x28  
  169  12:38  Overseer x2  
  169  12:39  Overseer  
  169  12:42  Overlord  
  169  12:43  Overlord x2  
  169  12:49  Ultralisk Cavern  
  168  13:01  Hatchery  
  168  13:03  Zergling x2  
  166  13:10  Zergling x6, Swarm Host  
  166  13:11  Zergling x30  
  185  13:20  Zergling x6  
  153  13:42  Zergling x36  
Show
View Real Time Build Order
Export as new Build Order

Raza Terran 

Build Orders: Reaper Expand 

Get SALT Encoding   

  12  0:00  SCV  
  13  0:12  SCV  
  14  0:17  Supply Depot  
  14  0:24  SCV  
  15  0:38  SCV  
  15  0:40  Barracks  
  16  0:44  Refinery  
  16  0:50  SCV  
  17  1:02  SCV  
  18  1:15  SCV  
  19  1:28  Orbital Command  
  19  1:29  Reaper  
  20  1:42  Command Center  
  20  1:50  Supply Depot  
  20  1:54  SCV  
  20  2:00  Marine  
  22  2:06  SCV  
  23  2:13  Factory  
  23  2:18  SCV  
  23  2:19  Refinery  
  24  2:23  Barracks Reactor  
  24  2:34  SCV  
  25  2:46  SCV  
  26  3:01  SCV  
  26  3:04  Orbital Command  
  26  3:05  Starport  
  27  3:08  Hellion x2  
  31  3:13  SCV  
  31  3:16  Barracks Tech Lab  
  31  3:19  Supply Depot  
  32  3:25  SCV  
  33  3:32  Supply Depot  
  35  3:34  Hellion x2  
  35  3:37  SCV  
  35  3:40  SCV  
  39  3:44  Fusion Core  
  42  3:49  SCV  
  42  3:52  SCV  
  44  4:00  Hellion x2  
  48  4:04  Supply Depot  
  48  4:08  SCV  
  48  4:09  SCV  
  50  4:20  SCV  
  50  4:21  SCV  
  50  4:23  Supply Depot  
  50  4:24  Hellion x2  
  53  4:31  Battlecruiser  
  53  4:32  SCV  
  53  4:33  SCV  
  61  4:40  Barracks Tech Lab  
  61  4:44  SCV  
  61  4:45  Hellion x2  
  66  4:46  SCV  
  67  4:54  Armory  
  67  4:56  SCV  
  67  4:58  SCV  
  69  5:03  Command Center  
  69  5:07  Supply Depot  
  69  5:08  SCV  
  69  5:10  Stimpack  
  70  5:22  Factory Reactor  
  70  5:29  SCV, Marine  
  67  5:49  SCV x2  
  65  5:55  Barracks  
  65  5:56  Barracks  
  63  6:00  Engineering Bay x2, Marine  
  63  6:01  SCV x2, Starport Reactor, Refinery  
  63  6:02  Refinery  
  62  6:13  SCV  
  61  6:18  SCV  
  61  6:23  Barracks x2  
  58  6:25  SCV  
  58  6:31  SCV  
  58  6:32  Orbital Command  
  55  6:37  SCV  
  55  6:39  Siege Tank, Marine  
  59  6:43  SCV  
  61  6:49  SCV  
  61  6:50  Terran Infantry Weapons Level 1  
  62  6:55  SCV  
  62  6:57  Marine  
  55  7:08  SCV  
  55  7:09  SCV  
  55  7:11  Barracks Reactor  
  55  7:13  Barracks Reactor, Medivac x2  
  55  7:15  Marine  
  54  7:20  SCV  
  54  7:21  SCV  
  57  7:27  Marine x2  
  59  7:31  Combat Shield  
  59  7:32  SCV  
  59  7:33  SCV x2  
  62  7:38  Marine x3  
  65  7:45  SCV, Marine x2  
  65  7:47  Marine  
  65  7:48  Marine  
  65  7:50  SCV  
  72  7:52  Orbital Command  
  72  7:56  Marine x2  
  72  7:57  SCV  
  74  8:00  Marine x3  
  74  8:01  Supply Depot x2  
  77  8:07  Supply Depot  
  77  8:12  Marine  
  77  8:17  Drilling Claws  
  77  8:21  Factory  
  77  8:22  Marine  
  77  8:23  SCV x3, Medivac x2  
  77  8:25  Supply Depot  
  85  8:31  Marine x2  
  87  8:35  SCV x3, Marine x2  
  87  8:36  Widow Mine  
  87  8:39  Marine  
  95  8:42  Marine  
  95  8:43  Marine x2  
  95  8:47  SCV x3  
  95  8:48  Missile Turret  
  101  8:49  Supply Depot  
  101  8:52  Missile Turret  
  101  8:54  Terran Infantry Armor Level 1  
  101  8:57  Marine x2  
  101  8:59  SCV x2  
  105  9:03  Terran Infantry Weapons Level 2  
  105  9:08  Factory Reactor  
  105  9:09  Supply Depot, Marine x2  
  107  9:13  SCV  
  107  9:16  SCV, Marine  
  107  9:17  Supply Depot, Marine  
  110  9:18  Supply Depot, Medivac  
  113  9:26  Medivac  
  113  9:27  Marine x3  
  113  9:30  Marine x2  
  119  9:31  SCV x2  
  119  9:35  Refinery  
  119  9:37  Widow Mine  
  123  9:40  Marine x2  
  123  9:41  Supply Depot  
  123  9:42  Bunker  
  123  9:43  Marine x2  
  127  9:48  Marine x2  
  127  9:50  Supply Depot  
  129  9:58  Marine x2  
  129  9:59  Marine x2  
  112  10:03  Marine  
  112  10:05  Marine x3  
  112  10:06  Marine  
  93  10:08  Widow Mine  
  93  10:16  Marine x3  
  93  10:17  Marine  
  94  10:21  Marine  
  94  10:23  Marine x4  
  94  10:25  Medivac  
  94  10:27  SCV  
  98  10:33  SCV x2  
  98  10:34  Marine x4  
  104  10:37  Missile Turret  
  104  10:39  Marine  
  104  10:40  SCV  
  104  10:41  Marine x4  
  110  10:44  Widow Mine  
  110  10:45  Widow Mine  
  110  10:46  Widow Mine  
  116  10:50  SCV  
  116  10:52  Marine x4  
  121  10:57  Marine  
  121  10:59  Marine x4  
  125  11:05  Widow Mine  
  125  11:09  Marine  
  125  11:10  Marine x3  
  131  11:14  Medivac  
  131  11:15  Marine  
  131  11:16  Medivac  
  131  11:17  Marine x2  
  139  11:22  Terran Infantry Armor Level 2  
  139  11:27  Marine x2  
  139  11:28  Marine  
  139  11:31  Widow Mine  
  139  11:32  Widow Mine  
  144  11:34  Widow Mine  
  144  11:39  Marine x3  
  148  11:40  Marine  
  150  11:50  Medivac  
  150  11:51  Medivac, Marine x2  
  150  11:52  Marine  
  157  11:57  Widow Mine  
  157  11:58  Marine x2  
  160  12:09  Marine x2  
  160  12:11  Widow Mine  
  164  12:18  Widow Mine x2  
  164  12:19  Command Center  
  150  12:32  Widow Mine  
  150  12:33  Marauder, Marine  
  138  12:40  Thor, Widow Mine  
  138  12:41  SCV  
  138  12:42  Marine  
  138  12:43  Marine x2  
  152  12:45  Marine  
  152  12:49  Marine x2  
  155  12:54  Widow Mine, Marine  
  155  12:56  Marine x2  
  158  13:00  Marine  
  143  13:10  Marine  
  143  13:11  Marine x3  
  143  13:14  Widow Mine  
  143  13:15  Marauder  
  143  13:16  Marine  
  143  13:17  Marine  
  149  13:20  Marine  
  149  13:21  Marine  
  151  13:28  Marine x2  
  151  13:29  Marine x2  
  151  13:33  Marine  
  143  13:37  Marauder, Marine x2  
Tags
 
Add a new tag
Caveats
  • Supply blocks, unpowered buildings, or Contaminate may cause inaccurate times.
  • Supply counts are checked every 10 seconds.